 Dungeon Crawl Stone Soup version 0.30-a0-122-g2a1322497e (webtiles) character file.

Game seed: 13241179647767727982

24770 snetch the Protected (level 12, 0/172 HPs)
             Began as a Minotaur Berserker on Sept 15, 2022.
             Was an Elder of Trog.
             Constricted to death by Jorgrun (7 damage)
             ... on level 13 of the Dungeon on Sept 16, 2022.
             The game lasted 00:56:51 (16006 turns).

snetch the Protected (Minotaur Berserker)          Turns: 16006, Time: 00:56:51

Health: 0/172      AC: 20    Str: 34    XL:     12   Next: 83%
Magic:  3/3        EV:  7    Int:  6    God:    Trog [****..]
Gold:   403        SH:  0    Dex:  9    Spells: 11/11 levels left

rFire   . . .      SeeInvis .    a - +4 broad axe (antimagic)
rCold   . . .      Faith    .    (no shield)
rNeg    . . .      Spirit   .    M - +0 plate armour {rPois}
rPois   +          Reflect  .    (helmet restricted)
rElec   .          Harm     .    H - +0 cloak
rCorr   +          Rampage  .    (no gloves)
Will    .....                    k - +0 pair of boots
Stlth   ..........               G - amulet of the acrobat
HPRegen 0.38/turn                h - +6 ring of strength
MPRegen 0.08/turn                l - ring "Ackociargh" {Fly rCorr Int+2}

@: berserking, grasped by roots, flying, constricted, very quick
A: horns 2, retaliatory headbutt
a: Renounce Religion, Berserk, Trog's Hand, Brothers in Arms


You were on level 13 of the Dungeon.
You worshipped Trog.
Trog was greatly pleased with you.
You visited 2 branches of the dungeon, and saw 15 of its levels.

You collected 1025 gold pieces.
You spent 622 gold pieces at shops.

Inventory:

Hand Weapons
 a - a +4 antimagic broad axe (weapon)
 b - the +9 trident "Grum" {vorpal, Int+7}
   (You found it on level 11 of the Dungeon)

   It inflicts extra damage upon your enemies.
   Int:       It affects your intelligence (+7).
 c - the +5 spear of the Insatiable Beasts {venom, rC+ Str+4}
   (You found it on level 8 of the Dungeon)

   It poisons the flesh of those it strikes.
   Str:       It affects your strength (+4).
   rC:        It protects you from cold.
 d - the +1 trident "Killer Bee's Death" {flame, Will+ Str+2 SInv}
   (You took it off an orc wizard on level 7 of the Dungeon)

   It burns those it strikes, dealing additional fire damage.
   Str:       It affects your strength (+2).
   SInv:      It lets you see invisible.
   Will:      It increases your willpower.
Missiles
 e - 11 poisoned darts (quivered)
 t - 108 stones
 E - a boomerang
 X - a throwing net
 Z - 5 curare-tipped darts
Armour
 k - a +0 pair of boots (worn)
 H - a +0 cloak (worn)
 M - a +0 plate armour of poison resistance (worn)
Jewellery
 h - a +6 ring of strength (left hand)
 l - the ring "Ackociargh" (right hand) {Fly rCorr Int+2}
   (You found it on level 4 of the Dungeon)

   [ring of flight]

   Int:       It affects your intelligence (+2).
   Fly:       It grants you flight.
   rCorr:     It protects you from acid and corrosion.
 G - an amulet of the acrobat (around neck)
 K - a ring of positive energy
Wands
 g - a wand of flame (7)
 s - a wand of iceblast (36)
 y - a wand of mindburst (23)
 L - a wand of acid (11)
Scrolls
 f - a scroll of brand weapon
 o - a scroll of enchant armour
 q - 3 scrolls of butterflies
 r - 4 scrolls of teleportation {unknown}
 v - 2 scrolls of immolation
 x - a scroll of summoning
 B - 2 scrolls of magic mapping
 D - 4 scrolls of fear
 F - 3 scrolls of blinking {unknown}
 O - 3 scrolls of vulnerability {unknown}
 P - a scroll of poison
Potions
 i - 5 potions of heal wounds
 m - 3 potions of lignification {unknown}
 n - 3 potions of invisibility
 p - 2 potions of curing
 w - 5 potions of might
 z - 4 potions of attraction
 A - 4 potions of mutation {unknown}
 C - a potion of haste
 J - 4 potions of berserk rage {unknown}
 N - 5 potions of resistance
 T - a potion of ambrosia
 W - a potion of cancellation
Miscellaneous
 j - a condenser vane


   Skills:
 + Level 13.0 Fighting
 + Level 14.9(15.0) Axes
 + Level 3.3(10.7) Polearms
 + Level 4.8(5.3) Staves
 + Level 2.1 Throwing
 + Level 14.9 Armour
 + Level 4.5 Dodging
 + Level 3.7 Stealth
 + Level 0.5 Evocations


You had 11 spell levels left.
You didn't know any spells.
Your spell library contained the following spells:

 Spells                   Type           Power      Damage    Failure   Level
 Foxfire                  Conj/Fire      0%         2x1d4     92%         1
 Necrotise                Necr           0%         1d4       92%         1
 Sting                    Tmut/Pois      0%         1d3       92%         1
 Poisonous Vapours        Pois/Air       0%         N/A       98%         2
 Gell's Gravitas          Tloc           0%         N/A       100%        3
 Inner Flame              Hex/Fire       0%         N/A       100%        3
 Kindle Blastsparks       Fire/Tloc/Air  0%         2d10      100%        3
 Lesser Beckoning         Tloc           0%         N/A       100%        3
 Portal Projectile        Hex/Tloc       0%         N/A       100%        3
 Teleport Other           Tloc           0%         N/A       100%        3
 Tukima's Dance           Hex            0%         N/A       100%        3
 Vampiric Draining        Necr           0%         2d6       100%        3
 Flame Wave               Conj/Fire      0%         2d4       100%        4
 Olgreb's Toxic Radiance  Pois           0%         N/A       100%        4
 Agony                    Necr           0%         N/A       100%        5
 Blade Hands              Tmut           0%         N/A       100%        5


Dungeon Overview and Level Annotations

Branches:
Dungeon (14/15)            Temple (1/1) D:5            Lair (0/5) D:11
    Orc (0/2) D:10
 Vaults: D:13-14

Altars:
Ashenzari
Cheibriados
Dithmenos
Elyvilon
Fedhas
Gozag
Hepliaklqana
Kikubaaqudgha
Makhleb
Nemelex Xobeh
Okawaru
Qazlal
Ru
Sif Muna
Trog
Uskayaw
Vehumet
Wu Jian
Xom
Yredelemnul
Zin
The Shining One

Shops:
D:1 !   D:4 (   D:8 ?   D:11 ***   D:12 *(

Annotations:
D:3 moth behind grate
D:13 Jorgrun


Innate Abilities, Weirdness & Mutations

You have a pair of horns on your head.
You reflexively headbutt those who attack you in melee.


Message History

Jorgrun is heavily wounded.
Jorgrun casts a spell at you.
Roots burst forth from the earth!
The grasping roots grab you! The grasping roots constrict you!
You closely miss Jorgrun.
Jorgrun is heavily wounded.
Jorgrun hits you but does no damage. The grasping roots constrict you.
You hit Jorgrun.
Jorgrun's magic leaks into the air.
Jorgrun is heavily wounded.
Your skin stops crawling.
You feel less strong-willed.
Jorgrun hits you with a +0 vorpal quarterstaff!
The grasping roots constrict you!!
You barely miss Jorgrun. Your headbutt misses Jorgrun.
Jorgrun is heavily wounded.
Jorgrun hits you with a +0 vorpal quarterstaff!
* * * LOW HITPOINT WARNING * * *
x2 The grasping roots constrict you!
* * * LOW HITPOINT WARNING * * *
A red film seems to cover your vision as you go berserk!
You feel yourself moving faster!
You feel mighty! Trog will no longer gift you weapons.
Jorgrun barely misses you. The grasping roots constrict you.
* * * LOW HITPOINT WARNING * * *
You barely miss Jorgrun.
Jorgrun is heavily wounded.
You closely miss Jorgrun.
Jorgrun is heavily wounded.
Jorgrun's magic is no longer disrupted.
Jorgrun hits you with a +0 vorpal quarterstaff!
* * * LOW HITPOINT WARNING * * *
x2 The grasping roots constrict you!
* * * LOW HITPOINT WARNING * * *
You barely miss Jorgrun. Your headbutt misses Jorgrun.
Jorgrun is heavily wounded.
You miss Jorgrun.
Jorgrun is heavily wounded.
Jorgrun barely misses you. You furiously retaliate!
You headbutt Jorgrun. The grasping roots constrict you!
You die...

#.###.♣.###.......[
#..#.#.#.# ...#####
#.###.#.#...#
#.♣.###.8.#..#
..#.#.###.#...#
##.####.####...# #
#.⌠.##.#.##
##.##....#
#..#.@..# ##^..g.##
##....# ######


You could see Jorgrun.

Vanquished Creatures
  A boulder beetle (D:12)
  5 two-headed ogres
  4 skeletal warriors (D:12)
  A mana viper (shapeshifter) (D:13)
  2 cyclopes
  A manticore (D:12)
  2 ugly things
  4 unseen horrors
  5 komodo dragons
  3 trolls
  A hornet (D:10)
  6 slime creatures
  A shadow (D:12)
  Sigmund (D:3)
  A vampire (D:11)
  2 wyverns
  25 yaks
  3 wraiths
  2 steam dragons
  Grum (D:8)
  Edmund (D:5)
  8 vampire mosquitoes
  3 wargs (D:11)
  An acid dragon (D:9)
  2 water moccasins
  A swamp drake (D:10)
  7 orc warriors
  2 sky beasts
  An ice beast (D:5)
  3 black bears
  4 ogres
  7 centaurs
  4 wolves (D:8)
  2 phantoms (D:5)
  A kobold brigand (D:9)
  7 bullfrogs
  A gnoll sergeant (D:10)
  3 scorpions
  5 wights
  7 killer bees (D:9)
  3 electric eels (D:9)
  5 howler monkeys
  3 hounds
  6 orc priests
  2 jellies
  A gnoll bouda (D:9)
  20 orc wizards
  3 iguanas
  Robin (D:3)
  9 adders
  9 gnolls
  2 shadow imps
  4 white imps
  A worm (D:3)
  2 dart slugs
  51 orcs
  6 ball pythons
  11 bats
  5 endoplasms
  A giant cockroach (D:2)
  19 goblins
  12 hobgoblins
  6 kobolds
  3 quokkas
  2 frilled lizards (D:1)
  11 rats
339 creatures vanquished.

Vanquished Creatures (others)
  5 dream sheep (D:6)
  Ijyb (D:3)
  4 demonic plants (D:3)
  2 fungi (D:3)
  16 plants
  A withered plant (D:3)
29 creatures vanquished.

Grand Total: 368 creatures vanquished

Notes
Turn   | Place    | Note
-------+----------+-------------------------------------------
     0 | D:1      | snetch the Minotaur Berserker began the quest for the Orb.
     0 | D:1      | Reached XP level 1. HP: 19/19 MP: 0/0
   162 | D:1      | Reached XP level 2. HP: 23/27 MP: 1/1
   348 | D:1      | Found Asarea's Distillery.
   720 | D:1      | Reached ** piety under Trog
   721 | D:1      | Reached XP level 3. HP: 32/33 MP: 2/2
  1141 | D:3      | Noticed Robin
  1152 | D:3      | Reached skill level 5 in Axes
  1154 | D:3      | Killed Robin
  1155 | D:3      | Reached XP level 4. HP: 26/40 MP: 3/3
  1587 | D:3      | Noticed Sigmund
  1604 | D:3      | Killed Sigmund
  1605 | D:3      | Reached XP level 5. HP: 6/47 MP: 4/4
  2392 | D:3      | Noticed a moth of wrath
  2395 | D:3      | Found a bloodstained altar of Trog.
  2417 | D:3      | Found the +3 woodcutter's axe {vorpal}
  2467 | D:3      | Reached skill level 1 in Stealth
  2467 | D:3      | Reached XP level 6. HP: 55/55 MP: 5/5
  2661 | D:4      | Reached skill level 5 in Fighting
  2736 | D:3      | Found an opulent altar of Gozag.
  2736 | D:3      | Noticed Ijyb
  2745 | D:3      | Killed Ijyb
  2962 | D:3      | Reached *** piety under Trog
  3007 | D:3      | Found a faded altar of an unknown god.
  3306 | D:1      | Bought a potion of degeneration for 14 gold pieces
  3306 | D:1      | Bought a potion of heal wounds for 70 gold pieces
  3306 | D:1      | Bought a potion of heal wounds for 70 gold pieces
  3306 | D:1      | Bought a potion of attraction for 42 gold pieces
  3484 | D:4      | Reached XP level 7. HP: 61/61 MP: 6/6
  3489 | D:4      | Identified the ring "Ackociargh" {Fly rCorr Int+2}
  3510 | D:5      | Entered Level 5 of the Dungeon
  3657 | D:4      | Found Jink's Antique Weapon Shoppe.
  4002 | D:5      | Found a staircase to the Ecumenical Temple.
  4009 | D:5      | Noticed Edmund
  4011 | Temple   | Entered the Ecumenical Temple
  4115 | D:5      | Killed Edmund
  4116 | D:5      | Reached XP level 8. HP: 62/70 MP: 7/7
  4281 | D:6      | Reached skill level 5 in Armour
  4632 | D:5      | Found a basalt altar of Yredelemnul.
  4648 | D:5      | Found a glowing silver altar of Zin.
  5203 | D:6      | Noticed a dream sheep
  5203 | D:6      | Noticed a dream sheep
  5203 | D:6      | Noticed a dream sheep
  5203 | D:6      | Noticed a dream sheep
  5203 | D:6      | Noticed a dream sheep
  5203 | D:6      | Found a shimmering altar of Xom.
  5208 | D:6      | Killed a dream sheep
  5208 | D:6      | Killed a dream sheep
  5208 | D:6      | Killed a dream sheep
  5208 | D:6      | Killed a dream sheep
  5209 | D:6      | Killed a dream sheep
  5781 | D:7      | Identified the +1 trident "Killer Bee's Death" {flame,
                  | Will+ Str+2 SInv}
  5789 | D:7      | Reached XP level 9. HP: 73/79 MP: 8/8
  6002 | D:7      | Identified the +5 robe "Ise Esiq" {rN+ rCorr Str-4 SInv}
  6379 | D:7      | HP: 4/81 [something (24)]
  7226 | D:8      | Found a burning altar of Makhleb.
  7305 | D:8      | Noticed Grum
  7308 | D:8      | Reached skill level 1 in Polearms
  7318 | D:8      | HP: 2/82 [Grum/+1 glaive (19)]
  7326 | D:8      | Killed Grum
  7520 | D:9      | Noticed a komodo dragon
  7522 | D:9      | Reached **** piety under Trog
  7532 | D:9      | Killed a komodo dragon
  7788 | D:9      | Reached XP level 10. HP: 91/91 MP: 9/9
  7833 | D:8      | Found a runed translucent door.
  7855 | D:8      | Noticed a two-headed ogre
  7861 | D:8      | Killed a two-headed ogre
  7862 | D:8      | Reached skill level 10 in Axes
  7862 | D:8      | Reached skill level 10 in Armour
  8343 | D:8      | Found Fyl Kekk's Magic Scroll Shop.
  8346 | D:8      | Bought a scroll of enchant weapon for 90 gold pieces
  8346 | D:8      | Bought a scroll of butterflies for 48 gold pieces
  8346 | D:8      | Bought a scroll of fear for 48 gold pieces
  8346 | D:8      | Bought a scroll of identify for 24 gold pieces
  8367 | D:8      | Found a stormy altar of Qazlal.
  8399 | D:8      | Identified the +5 spear of the Insatiable Beasts {venom,
                  | rC+ Str+4}
  8475 | D:8      | Noticed a two-headed ogre
  8484 | D:8      | Killed a two-headed ogre
  9293 | D:9      | Found an iron altar of Okawaru.
  9303 | D:9      | Reached skill level 10 in Fighting
  9850 | D:10     | Entered Level 10 of the Dungeon
  9894 | D:9      | Found a glowing golden altar of the Shining One.
  9961 | D:9      | Noticed a two-headed ogre
  9966 | D:9      | Killed a two-headed ogre
  9967 | D:9      | Reached XP level 11. HP: 13/101 MP: 10/10
 10665 | D:10     | Found a transporter.
 11234 | D:10     | Found a transporter.
 11567 | D:10     | Found a transporter.
 11567 | D:10     | Found a transporter.
 11574 | D:10     | Found a transporter.
 11574 | D:10     | Found a transporter.
 11650 | D:10     | Reached ***** piety under Trog
 11677 | D:10     | Found a staircase to the Orcish Mines.
 11693 | D:10     | Reached skill level 1 in Throwing
 12173 | D:11     | Found Faczuac's General Store.
 12194 | D:11     | Bought a scroll of poison for 56 gold pieces
 12205 | D:11     | Noticed a two-headed ogre
 12432 | D:11     | Killed a two-headed ogre
 12433 | D:11     | Reached skill level 1 in Staves
 12960 | D:10     | Received a gift from Trog
 13264 | D:11     | Found Ylaerghabif's General Store.
 13265 | D:11     | Found Astryuhuo's Specific Store.
 13273 | D:11     | Bought a potion of resistance for 160 gold pieces
 13654 | D:12     | Found Jiodd's Weapon Shoppe.
 13690 | D:12     | Reached XP level 12. HP: 63/112 MP: 3/11
 13899 | D:11     | Found a staircase to the Lair.
 13899 | D:11     | Noticed a two-headed ogre
 13906 | D:11     | Killed a two-headed ogre
 13926 | D:11     | Identified the +9 trident "Grum" {vorpal, Int+7}
 15036 | D:12     | Found Virog's General Store.
 15058 | D:12     | Noticed a boulder beetle
 15069 | D:12     | Killed a boulder beetle
 15388 | D:13     | Found a broken altar of Ashenzari.
 15633 | D:13     | You are sucked into a shaft and drop 1 floor!
 15986 | D:13     | Noticed Jorgrun
 16004 | D:13     | HP: 6/172 [constriction (14)]
 16006 | D:13     | Constricted to death by Jorgrun

Illustrated notes

Levels and vault maps discovered:
D:1:      minmay_arrival_statue_studded, layout_loops_ring, serial_shops,
          shop_statue
D:2:      layout_loops_ring, minmay_misc_feat_square, serial_bayou_pond_c,
          nicolae_eternal_life
D:3:      cheibrodos_greedy_goblins, layout_basic, lemuel_tele_altar, tgw_trog,
          shapermc_ecumenical_altar_gd, uniq_robin, uniq_sigmund, uniq_ijyb
D:4:      layout_rooms, serial_shops, shop
D:5:      cheibrodos_helix_gallery, layout_loops_ring,
          mainiacjoe_overflow_swirl, temple_pool_b, uniq_edmund
D:6:      layout_loops_ring, kb_xom_exploding_sheep
D:7:      layout_basic, grunt_ministairs_2, lemuel_flame_loot_1
D:8:      layout_loops_corners, nicolae_qazlal_style_of_elements,
          overflow_temple_1_default, serial_shops, nicolae_shop_behind_doors,
          abandoned_shop, grunt_decor_clamped, lightli_church_of_beogh,
          uniq_grum
D:9:      minmay_s_stair_smasher, layout_basic, lemuel_round_altar,
          kennysheep_mini, minmay_misc_feat_diagonals, minmay_misc_feat_iff,
          serial_bayou_lake_a
D:10:     layout_loops_ring, erik_orc_1, serial_nicolae_subway,
          nicolae_sub_station_metal, nicolae_sub_station_stone,
          nicolae_sub_station_crystal
D:11:     layout_loops_cross, erik_lair_orcish_takeover, serial_shops,
          shop_statue, nicolae_specific_store
D:12:     layout_rooms, serial_shops, nicolae_shop_hallway_plus,
          nicolae_stop_n_shop_2, minmay_fractal_squares_5
D:13:     layout_rooms, gammafunk_ghost_wrathful_warriors,
          grunt_decor_mini_mirrors, nicolae_ashenzari_panopticon, uniq_jorgrun
D:14:     layout_roguey, lightli_vaults_fourway_checkpoint,
          nicolae_trove_entry_path_of_doom
Temple:   dshaligram_water_room_temple

Skill      XL: |  1  2  3  4  5  6  7  8  9 10 11 12 |
---------------+-------------------------------------+-----
Axes           | 4 5 6 7 8 9 11 12 14 | 14.9
Fighting       | 4 5 6 7 9 10 12 13 | 13.0
Dodging        | 3 4 |  4.5
Stealth        | 1 2 3 |  3.7
Armour         | 3 4 7 9 12 13 14 | 14.9
Polearms       | 2 3 |  3.3
Throwing       | 1 2 |  2.1
Staves         | 4 |  4.8
Evocations     | |  0.5

Action                   |  1- 3 |  4- 6 |  7- 9 | 10-12 || total
-------------------------+-------+-------+-------+-------++-------
Melee: Hand axe          |    70 |    41 |       |       ||   111
       Headbutt          |    12 |     7 |    19 |    89 ||   127
       War axe           |       |     9 |       |       ||     9
       Battleaxe         |       |    44 |   114 |   252 ||   410
       Trident           |       |       |    32 |    11 ||    43
       Broad axe         |       |       |       |   158 ||   158
       Quarterstaff      |       |       |       |    31 ||    31
       Punch             |       |       |       |     1 ||     1
Throw: Dart              |       |       |     1 |    15 ||    16
       Boomerang         |       |       |       |     2 ||     2
Invok: Berserk           |     1 |     1 |     2 |     4 ||     8
       Trog's Hand       |       |     1 |     3 |     6 ||    10
Evoke: Wand              |       |       |     2 |       ||     2
       Condenser vane    |       |       |       |     1 ||     1
  Use: Potion            |       |       |     2 |     3 ||     5
       Scroll            |       |       |       |    14 ||    14
 Stab: Sleeping          |       |     1 |       |       ||     1
       Distracted        |       |     1 |       |       ||     1
       Confused          |       |       |       |     1 ||     1
Armor: Animal skin       |    20 |     4 |       |       ||    24
       Ring mail         |       |    16 |       |       ||    16
       Robe              |       |     3 |       |       ||     3
       Plate armour      |       |     3 |    71 |   236 ||   310
Dodge: Dodged            |    46 |    47 |    86 |   267 ||   446

Table legend: (Time is in decaauts)
 A = Elapsed time spent in this place.
 B = Non-inter-level travel time spent in this place.
 C = Inter-level travel time spent in this place.
 D = Time resting spent in this place.
 E = Time spent auto-exploring this place.
 F = Levels seen in this place.
 G = Mean time per level.
                   A        B        C        D        E       F      G
               +--------+--------+--------+--------+--------+-----+--------+
         Total |  16083 |  15201 |    882 |    817 |  10629 |  15 | 1072.2 |
       Dungeon |  15990 |  15132 |    858 |    817 |  10570 |  14 | 1142.1 |
        Temple |     93 |     69 |     24 |      0 |     59 |   1 |   93.0 |
               +--------+--------+--------+--------+--------+-----+--------+

Top non-repeatable levels by time:
     D:8: 2336 daAuts
     D:9: 2013 daAuts
    D:10: 1743 daAuts
     D:7: 1421 daAuts
     D:2: 1358 daAuts
    D:11: 1343 daAuts
    D:12: 1203 daAuts
     D:3: 1132 daAuts
     D:1: 840 daAuts
     D:5: 836 daAuts
     D:6: 721 daAuts
     D:4: 570 daAuts
    D:13: 425 daAuts
  Temple: 93 daAuts
    D:14: 41 daAuts
